 Dungeon Crawl Stone Soup version 0.20.0-1-g1cb1d84 (webtiles) character file.

336 straycat the Ducker (level 6, -5/47 HPs)
             Began as a Vampire Wanderer on May 26, 2017.
             Slain by an ogre
             ... wielding a +0 giant club
              (28 damage)
             ... on level 3 of the Dungeon.
             The game lasted 00:17:21 (4048 turns).

straycat the Ducker (Vampire Wanderer)              Turns: 4048, Time: 00:17:22

Health: -5/47      AC:  7    Str: 12    XL:     6   Next: 28%
Magic:  6/6        EV: 13    Int: 14    God:
Gold:   109        SH:  0    Dex: 15    Spells: 5/5 levels left

rFire    . . .     SeeInvis +   u - +0 rapier (venom)
rCold    + . .     Gourm    .   (no shield)
rNeg     + + .     Faith    .   d - +0 ring mail
rPois    +         Spirit   .   m - +0 helmet
rElec    .         Reflect  .   (no cloak)
rCorr    .         Harm     .   (no gloves)
MR       .....                  (no boots)
Stlth    ++........             (no amulet)
Regen    0.1/turn               c - +1 ring of protection
MPRegen  0.1/turn               (no ring)

@: regenerating slowly
A: fangs 3, see invisible, unbreathing
a: Bat Form


You were on level 3 of the Dungeon.
You were near bloodless.

You visited 2 branches of the dungeon, and saw 5 of its levels.

You collected 109 gold pieces.

Inventory:

Hand Weapons
 e - a +0 dagger
 l - a +0 short sword
 u - a +0 rapier of venom (weapon)
 x - a +0 blowgun
 B - a +0 rapier of electrocution
Missiles
 h - 33 sling bullets
 j - 31 poisoned needles
 s - 77 stones (quivered)
 y - 4 curare-tipped needles
 z - 7 poisoned tomahawks
Armour
 d - a +0 ring mail (worn)
 m - a +0 helmet (worn)
 v - a +0 helmet
Jewellery
 c - a +1 ring of protection (left hand)
 o - an uncursed ring of fire
Scrolls
 a - a scroll of blinking
 g - a scroll of enchant weapon {unknown}
 i - a scroll of random uselessness {unknown}
 k - 4 scrolls of identify {unknown}
 n - 2 scrolls of amnesia {unknown}
 p - 4 scrolls of remove curse {unknown}
 r - 4 scrolls of teleportation {unknown}
 w - a scroll of immolation {unknown}
 A - a scroll of enchant armour {unknown}
Potions
 b - a potion of heal wounds
 f - 11 potions of blood
 q - a potion of brilliance {unknown}
 t - a potion of haste {unknown}


   Skills:
 - Level 3.6 Fighting
 - Level 1.5 Armour
 + Level 5.2 Dodging
 - Level 1.5 Stealth
 - Level 5.0 Unarmed Combat
   Level 1.0 Evocations


You had 5 spell levels left.
You didn't know any spells.

Dungeon Overview and Level Annotations

Branches:
Dungeon (4/15)             Temple (1/1) D:4

Altars:
Ashenzari
Cheibriados
Elyvilon
Fedhas
Gozag
Kikubaaqudgha
Makhleb
Nemelex Xobeh
Okawaru
Qazlal
Ru
Trog
Zin
The Shining One


Innate Abilities, Weirdness & Mutations

You heal slowly.
You have razor-sharp teeth.
You have supernaturally acute eyesight. (SInv)
You can survive without breathing.


Message History

Beogh smites you!
You climb upwards.
A giant cockroach comes into view.
There is a stone staircase leading down here.
You hit the ogre.
The ogre is lightly wounded.
The ogre hits you with a giant club!
You puncture the ogre! You bite the ogre.
You draw the ogre's blood!
You feel better.
You feel slightly less thirsty.
The ogre is heavily wounded.
The ogre hits you with a giant club!
You hit the ogre but do no damage.
The ogre is poisoned.
You bite the ogre, but do no damage.
The ogre is heavily wounded.
The ogre barely misses you.
You puncture the ogre!
The ogre is severely wounded.
The ogre hits you with a giant club!!
Ouch! That really hurt!
You die...

############
#.......##.#
#######.#####.##O#
................@#
#.......#####.##.#
....##### #.##.#
....# #.##s# ....#
#.##.# ....#
#.##.# ....#
#.##.# ....#
#######.##.####
....#
#.............#


You could see an ogre and a giant cockroach.

Vanquished Creatures
  Grinder (D:3)
  A hound (D:4)
  4 adders
  An ooze (D:1)
  3 dart slugs
  2 leopard geckos
  An orc (D:4)
  4 ball pythons
  4 giant cockroaches
  7 goblins
  5 hobgoblins
  2 quokkas
  5 bats
  3 frilled lizards
  7 kobolds
  6 rats
  A butterfly (D:4)
57 creatures vanquished.

Notes
Turn   | Place    | Note
-------+----------+-------------------------------------------
     0 | D:1      | straycat the Vampire Wanderer began the quest for the Orb.
     0 | D:1      | straycat set off with: a scroll of blinking, a potion of heal wounds, a potion of curing, a +0 ring mail, a +0 dagger, a potion of blood
     0 | D:1      | Reached XP level 1. HP: 18/18 MP: 1/1
   321 | D:1      | Reached XP level 2. HP: 19/24 MP: 2/2
  1154 | D:2      | Reached XP level 3. HP: 25/29 MP: 3/3
  1208 | D:2      | Found a blossoming altar of Fedhas.
  2230 | D:2      | Reached XP level 4. HP: 32/36 MP: 4/4
  2612 | D:3      | Reached skill level 5 in Unarmed Combat
  2637 | D:3      | Noticed Grinder
  2642 | D:3      | Paralysed by Grinder for 2 turns
  2658 | D:3      | Paralysed by Grinder for 2 turns
  2685 | D:3      | Killed Grinder
  2685 | D:3      | Reached XP level 5. HP: 26/41 MP: 5/5
  2685 | D:3      | Reached XP level 6. HP: 30/47 MP: 6/6
  3566 | D:4      | Reached skill level 5 in Dodging
  3605 | D:4      | Found a staircase to the Ecumenical Temple.
  3677 | Temple   | Entered the Ecumenical Temple
  4048 | D:3      | Slain by an ogre

Skill      XL: |  1  2  3  4  5  6 |
---------------+-------------------+-----
Unarmed Combat | 3 4 5 |  5.0
Dodging        | 4 5 |  5.2
Fighting       | |  3.6
Armour         | |  1.5
Stealth        | |  1.5
Evocations     | |  1.0

Action                   |  1- 3 |  4- 6 || total
-------------------------+-------+-------++-------
Melee: Dagger            |   102 |       ||   102
       Bite              |    17 |    10 ||    27
       Short sword       |    88 |    31 ||   119
       Punch             |     2 |     1 ||     3
       Rapier            |       |    55 ||    55
Throw: Stone             |       |    12 ||    12
  Use: Potion            |     8 |     1 ||     9
Armor: Ring mail         |    85 |    25 ||   110
Dodge: Dodged            |   135 |    48 ||   183
